 Dungeon Crawl Stone Soup version 0.30.0 (webtiles) character file.

Game seed: 285037058926463095

8 Dani the Trooper (level 2, 24/24 HPs)
             Began as a Demonspawn Fighter on May 21, 2023.
             Quit the game on level 2 of the Dungeon.
             The game lasted 00:01:32 (750 turns).

Dani the Trooper (Demonspawn Fighter)                Turns: 750, Time: 00:01:33

Health: 24/24      AC: 12    Str: 16    XL:     2   Next: 0%
Magic:  2/2        EV:  8    Int:  9    God:
Gold:   51         SH:  4    Dex: 12    Spells: 1/1 levels left

rFire   . . .        a - +0 war axe
rCold   . . .        c - +0 buckler
rNeg    . . .        j - +1 scale mail {rPois}
rPois   +            (no helmet)
rElec   .            (no cloak)
rCorr   .            n - +2 pair of gloves
SInv    .            (no boots)
Will    .....        (no amulet) Stlth
                     (no ring)
HPRegen 0.24/turn    (no ring)
MPRegen 0.08/turn

%: no passive effects
@: silenced (expiring)
A: icy blue scales 1
a: no special abilities


You were on level 2 of the Dungeon.
You visited 1 branch of the dungeon, and saw 2 of its levels.

You collected 51 gold pieces.

Inventory:

Hand Weapons
 a - a +0 war axe (weapon)
Armour
 b - a +0 scale mail
 c - a +0 buckler (worn)
 j - a +1 scale mail of poison resistance (worn)
   (You found it on level 1 of the Dungeon)
 n - a +2 pair of gloves (worn)
   (You found it on level 1 of the Dungeon)
Jewellery
 f - a ring of wizardry
   (You found it on level 1 of the Dungeon)
Scrolls
 R - a scroll of identify {@r1}
Potions
 d - a potion of might
 e - a potion of mutation {!q}
 l - a potion of invisibility
 m - a potion of cancellation {unknown}


   Skills:
 - Level 3.0 Fighting
 + Level 2.5 Axes
 - Level 2.6 Armour
 - Level 2.6 Shields


You had one spell level left.
You didn't know any spells.
Your spell library contained the following spells:

 Spells                   Type           Power      Damage    Failure   Level
 Magic Dart               Conj           0%         1d3       88%         1
 Call Imp                 Summ           0%         N/A       96%         2
 Mephitic Cloud           Conj/Pois/Air  0%         N/A       99%         3


Dungeon Overview and Level Annotations

Branches:
Dungeon (2/15)

Altars:

Shops:
D:1 *


Innate Abilities, Weirdness & Mutations

You are partially covered in icy blue scales. (AC +2)


Message History

No target in view!
Key pressed, stopping explore.
No target in view!
Key pressed, stopping explore.
No target in view!
You see here a +2 pair of gloves.
No target in view!
Key pressed, stopping explore.
No target in view!
Key pressed, stopping explore.
Key pressed, stopping explore.
No target in view!
Key pressed, stopping explore.
No target in view!
Key pressed, stopping explore.
Unknown command.
You see here a +2 pair of gloves.
n - a +2 pair of gloves You start putting on your armour.
You continue putting on your +2 pair of gloves. x4
You finish putting on your +2 pair of gloves.
Key pressed, stopping explore.
Key pressed, stopping explore.
Found a stone staircase leading down.
Done exploring.
Done exploring.
Done exploring.
Done exploring.
Done exploring.
There is a stone staircase leading down here.
You climb downwards.
The kobold shouts!
Found a scroll labelled HON OWKIME.
Found a stone staircase leading down.
There is a stone staircase leading up here.
You barely miss the kobold. The kobold hits you but does no damage.
You hit the kobold.
The kobold is severely wounded.
The kobold hits you but does no damage.
A kobold is nearby!
You barely miss the kobold.
The kobold is severely wounded.
You block the kobold's attack. The kobold barely misses you.
A kobold is nearby!
You slash the kobold!
You kill the kobold!
g - 2 scrolls labelled HON OWKIME (gained 1) Key pressed, stopping explore.
No target in view!
Key pressed, stopping explore.
No target in view!
Key pressed, stopping explore.
No target in view!
Key pressed, stopping explore.
You now have 51 gold pieces (gained 10).
Key pressed, stopping explore.
There is a stone staircase leading up here.
Things that are here:
a +0 whip; 4 stones Key pressed, stopping explore.
Key pressed, stopping explore.
o - a scroll labelled ENOUJI UKUCISS
As you read the scroll labelled HON OWKIME, it crumbles to dust.
It is a scroll of identify.
e - a potion of mutation;
R - a scroll of identify
As you read the scroll of identify {@r1}, it crumbles to dust.
l - a potion of invisibility
As you read the scroll labelled GUMIYCREBLA, it crumbles to dust.
You hear a loud clanging noise!
It was a scroll of noise.
You hear an angry hiss. x2
As you read the scroll labelled WIGULU OJELL, it crumbles to dust.
It is a scroll of amnesia.
You feel forgetful for a moment.
As you read the scroll labelled CEANA SITT, it crumbles to dust.
You assume a fearsome visage.
Nothing appears to happen.
It was a scroll of fear.
Unknown command.
You drop a scroll of amnesia.
As you read the scroll labelled ENOUJI UKUCISS, it crumbles to dust.
A profound silence engulfs you.
It was a scroll of silence.
Unknown command.
R - a scroll of identify {@r1} You see here a +0 antimagic hand axe.
Found a stone staircase leading up.
A frilled lizard comes into view.
A frilled lizard is nearby!
A frilled lizard is nearby!
A frilled lizard is nearby!
A frilled lizard is nearby!
You see here a scroll of amnesia.
You closely miss the frilled lizard.
The frilled lizard bites you but does no damage. x2
You slash the frilled lizard!
You kill the frilled lizard!
You have reached level 2!
Your demonic ancestry asserts itself...
Icy blue scales grow over part of your body.
Unknown command.
You see here a +0 antimagic hand axe.
Are you sure you want to abandon this character and quit the game? (Confirm with "yes".)

#### #... #.#. #.#.
######.#. #####
#......#. #.@.#
#.###..#.
##.#.#######.#.#..#.
+.....?†.....>....#.
####.###.###..<#.##.
#.# #...#.).#....
#.# ###.##..#####
#.###...##..#
#..<#.#.....#
#####.#.##..#


There were no monsters in sight!

Vanquished Creatures
  2 endoplasms (D:1)
  A hobgoblin (D:1)
  A ball python (D:1)
  2 frilled lizards
  A kobold (D:2)
  2 rats (D:1)
9 creatures vanquished.

Notes
Turn   | Place    | Note
-------+----------+-------------------------------------------
     0 | D:1      | Dani the Demonspawn Fighter began the quest for the Orb.
     0 | D:1      | Reached XP level 1. HP: 18/18 MP: 1/1
    87 | D:1      | Found a faded altar of an unknown god.
   212 | D:1      | Reached skill level 2 in Axes
   295 | D:1      | Found Vimuv's General Store.
   746 | D:2      | Gained mutation: You are partially covered in icy blue
                  | scales. (AC +2) [demonic ancestry]
   746 | D:2      | Reached XP level 2. HP: 24/24 MP: 2/2
   750 | D:2      | Quit the game

Illustrated notes

Levels and vault maps discovered:
D:1:      arrival_zaba_pyramid, layout_loops_ring,
          shapermc_ecumenical_altar_starsandcircs, serial_shops,
          nicolae_shop_rolling_square, supply_closet_lemuel,
          corexii_leaking_fountain
D:2:      layout_basic

Skill      XL: |  1 |
---------------+----+-----
Axes           | 2 |  2.5
Fighting       | |  3.0
Armour         | |  2.6
Shields        | |  2.6

Action                     || total
---------------------------++-------
  Melee: War axe           ||    16
    Use: Scroll            ||     6
 Armour: Scale mail        ||     7
  Dodge: Dodged            ||     5
  Block: Buckler           ||     4

Levels and vault maps discovered:
D:1:      arrival_zaba_pyramid, layout_loops_ring,
          shapermc_ecumenical_altar_starsandcircs, serial_shops,
          nicolae_shop_rolling_square, supply_closet_lemuel,
          corexii_leaking_fountain
D:2:      layout_basic

Table legend: (Time is in decaauts)
 A = Elapsed time spent in this place.
 B = Non-inter-level travel time spent in this place.
 C = Inter-level travel time spent in this place.
 D = Time resting spent in this place.
 E = Time spent auto-exploring this place.
 F = Levels seen in this place.
 G = Mean time per level.
                   A        B        C        D        E       F      G
               +--------+--------+--------+--------+--------+-----+--------+
         Total |    756 |    731 |     25 |      0 |    610 |   2 |  378.0 |
       Dungeon |    756 |    731 |     25 |      0 |    610 |   2 |  378.0 |
               +--------+--------+--------+--------+--------+-----+--------+

Top non-repeatable levels by time:
     D:1: 675 daAuts
     D:2: 81 daAuts

Table legend:
 A = Kills in this place as a percentage of kills in the entire game.
 B = Kills by you in this place as a percentage of kills by you in the entire game.
 C = Kills by friends in this place as a percentage of kills by friends in the entire game.
 D = Other kills in this place as a percentage of other kills in the entire game.
 E = Experience gained in this place as a percentage of experience gained in the entire game.
 F = Experience gained in this place divided by the number of levels of this place that you have seen.
                   A       B       C       D       E      F
               +-------+-------+-------+-------+-------+----------------------
         Total | 100.0 | 100.0 |   N/A |   N/A | 100.0 |   6.0
       Dungeon | 100.0 | 100.0 |   N/A |   N/A | 100.0 |   6.0
               +-------+-------+-------+-------+-------+----------------------
